 Dungeon Crawl Stone Soup version 0.30.0 (webtiles) character file.

Game seed: 13073251649085517405

2566 samcosmo the Covert (level 9, -7/45 HPs)
             Began as a Spriggan Enchanter on July 3, 2023.
             Was an Initiate of Dithmenos.
             Killed from afar by a steam dragon (17 damage)
             ... with a ball of steam
             ... on level 7 of the Dungeon.
             The game lasted 00:22:55 (7136 turns).

samcosmo the Covert (Spriggan Enchanter)            Turns: 7136, Time: 00:22:55

Health: -7/45      AC:  5    Str:  8    XL:     9   Next: 31%
Magic:  19/20      EV: 18    Int: 16    God:    Dithmenos [......]
Gold:   308        SH:  0    Dex: 20    Spells: 10/21 levels left

rFire   . . .        t - +7 trident of Contradiction {heavy, rF- rN++ Str+4}
rCold   . . .        (shield currently unavailable)
rNeg    + + .        r - +2 robe {rF+}
rPois   .            (helmet restricted)
rElec   .            s - +0 cloak
rCorr   .            (gloves unavailable)
SInv    +            (boots unavailable)
Will    +....        (no amulet)
Stlth   +++++        y - ring of flight
HPRegen 0.27/turn    (no ring)
MPRegen 0.17/turn

%: no passive effects
@: flying, very quick
A: very small, no large weapons, unfitting armour, see invisible, speed 3
a: Renounce Religion


You were on level 7 of the Dungeon.
You worshipped Dithmenos.
Dithmenos was noncommittal.
You visited 2 branches of the dungeon, and saw 9 of its levels.

You collected 308 gold pieces.

Inventory:

Hand Weapons
 a - a +2 dagger
 t - the +7 trident of Contradiction (weapon) {heavy, rF- rN++ Str+4}
   (You found it on level 6 of the Dungeon)

   Str:       It affects your strength (+4).
   rF:        It makes you vulnerable to fire.
   rN:        It greatly protects you from negative energy.
 A - a +2 short sword of electrocution
Armour
 b - a +1 robe
 r - a +2 robe of fire resistance (worn)
 s - a +0 cloak (worn)
Jewellery
 v - an amulet of guardian spirit
 y - a ring of flight (left hand)
Scrolls
 e - a scroll of enchant weapon
 f - a scroll of fog
 h - 3 scrolls of amnesia
 l - 3 scrolls of enchant armour
 q - a scroll of silence
Potions
 c - 2 potions of invisibility
 d - a potion of berserk rage
 g - 3 potions of flight
 i - 3 potions of mutation
 j - a potion of lignification {unknown}
 k - 2 potions of might
 m - 4 potions of curing
 n - 3 potions of brilliance
 o - a potion of haste {unknown}
 p - 2 potions of heal wounds {unknown}
 u - a potion of degeneration {unknown}
 w - 2 potions of cancellation {unknown}
 z - a potion of magic {unknown}


   Skills:
 + Level 4.1 Fighting
 - Level 5.0 Short Blades
 * Level 2.4 Polearms
 - Level 2.6 Dodging
 + Level 9.4 Stealth
 + Level 6.9 Spellcasting
 - Level 8.6 Hexes


You had 10 spell levels left.
You knew the following spells:

 Your Spells              Type           Power      Damage    Failure   Level
a - Ensorcelled Hibernat  Hex/Ice        38%        N/A       3%          2
b - Confusing Touch       Hex            33%        N/A       1%          3
c - Dazzling Flash        Conj/Hex       38%        N/A       6%          3
d - Tukima's Dance        Hex            33%        N/A       1%          3

Your spell library contained the following spells:

 Spells                   Type           Power      Damage    Failure   Level
 Kiss of Death            Conj/Necr      20%        2d7       13%         1
 Magic Dart               Conj           20%        1d4       13%         1
 Necrotise                Necr           20%        1d5       13%         1
 Searing Ray              Conj           10%        2d4       19%         2
 Fulminant Prism          Conj/Hex       9%         3d7       22%         4
 Leda's Liquefaction      Hex/Erth       9%         N/A       22%         4
 Vampiric Draining        Necr           5%         2d6       36%         3
 Vhi's Electric Charge    Tloc/Air       10%        N/A       36%         3
 Dispel Undead            Necr           5%         3d7       77%         4
 Agony                    Necr           5%         N/A       98%         5
 Arcjolt                  Conj/Air       2%         1d12      98%         5
 Lee's Rapid Deconstruct  Erth           2%         3d5*      98%         5
 Statue Form              Tmut/Erth      3%         N/A       100%        6
 Maxwell's Capacitive Co  Air            2%         ∞         100%        8


Dungeon Overview and Level Annotations

Branches:
Dungeon (8/15)             Temple (1/1) D:6
   Lair: D:8-11

Altars:
Ashenzari
Cheibriados
Dithmenos
Elyvilon
Fedhas
Gozag
Hepliaklqana
Kikubaaqudgha
Makhleb
Nemelex Xobeh
Okawaru
Qazlal
Ru
Sif Muna
Trog
Vehumet
Xom
Yredelemnul
Zin
The Shining One

Shops:
D:3 *   D:7 [

Annotations:
D:6 1 runed translucent door, Argasoth's ghost, novice TrBe


Innate Abilities, Weirdness & Mutations

You are very small and have problems with some larger weapons.
You are too small for most types of armour.
You have supernaturally acute eyesight. (SInv)
You cover ground extremely quickly. (Speed+++)


Message History

The kobold dies!
A centaur comes into view.
A kobold comes into view. It is wielding a +0 whip.
The steam dragon bites you!
The steam dragon claws you but does no damage.
You hear a shout!
There is a stone staircase leading up, spattered with blood here.
You are engulfed in a cloud of scalding steam.
The steam dragon barely misses you. The steam dragon completely misses you.
You fly upwards.
There is a stone staircase leading down here.
You see here a +0 dagger.
Casting: Dazzling Flash (dangerous; 6% risk of failure)
Confirm with . or Enter, or press ? or * to list all spells.
Aiming: Ensorcelled Hibernation (safe; 3% risk of failure)
Press: ? - help, Shift-Dir - straight line, f - steam dragon
Aim: a steam dragon (catching its breath, chance to affect: 51%)
The steam dragon looks drowsy...
The helpless steam dragon fails to defend itself.
You impale the steam dragon!!
The steam dragon is severely wounded.
The steam dragon breathes steam at you. The ball of steam hits you!!
* * * LOW HITPOINT WARNING * * *
Unknown command.
Casting: Ensorcelled Hibernation (safe; 3% risk of failure)
Confirm with . or Enter, or press ? or * to list all spells.
Aiming: Ensorcelled Hibernation (safe; 3% risk of failure)
Press: ? - help, Shift-Dir - straight line, f - you, p - steam dragon
Okay, then.
You are too injured to fight recklessly!
You barely miss the steam dragon.
The steam dragon is severely wounded.
The steam dragon barely misses you. The steam dragon misses you.
The steam dragon closely misses you. The steam dragon barely misses you.
You barely miss the steam dragon.
The steam dragon is severely wounded.
The steam dragon breathes steam at you. The ball of steam hits you!
You die...

............#.......#.........#
##'####.....##......#.........#
....###.....##......#.........#
....#.......#.......#.........#
....#.......#######'#.........#
....#.......#.................#
....#.......#.§...............#
....#.......#.§.D.............#
....'.......#...@.............#
....#########.†...............#
##.....[......#######.........#
.#....[.......# #.........###
.#............# #............
.#............# #............
.#..........>.# #............
.#............# #............
.#............# #............


You could see a steam dragon (catching breath).

Vanquished Creatures
  Sigmund (D:4)
  Menkaure (D:5)
  3 water moccasins
  2 black bears
  An ogre (D:5)
  A centaur (D:6)
  A phantom (D:6)
  Blork the orc (D:6)
  A kobold brigand (D:6)
  3 bullfrogs (D:7)
  5 scorpions
  3 wights (D:7)
  4 howler monkeys
  3 jellies
  2 hounds (D:6)
  An orc priest (D:7)
  Crazy Yiuf (D:5)
  5 iguanas
  2 orc wizards (D:7)
  7 adders
  A shadow imp (D:6)
  2 white imps
  3 worms (D:2)
  2 dart slugs
  14 orcs
  3 endoplasms
  5 giant cockroaches
  4 goblins
  5 hobgoblins
  3 jackals (D:1)
  3 quokkas
  7 ball pythons
  4 bats
  3 frilled lizards
  12 kobolds
  3 rats
122 creatures vanquished.

Vanquished Creatures (collateral kills)
  A wight (D:7)
1 creature vanquished.

Vanquished Creatures (others)
  2 dancing weapons (D:7)
  A kobold (D:8)
  2 fungi (D:5)
  3 plants (D:6)
8 creatures vanquished.

Grand Total: 131 creatures vanquished

Notes
Turn   | Place    | Note
-------+----------+-------------------------------------------
     0 | D:1      | samcosmo the Spriggan Enchanter began the quest for the
                  | Orb.
     0 | D:1      | Reached XP level 1. HP: 9/9 MP: 5/5
   171 | D:1      | Reached XP level 2. HP: 6/13 MP: 6/6
   206 | D:1      | Learned a level 2 spell: Ensorcelled Hibernation
   821 | D:1      | Found a faded altar of an unknown god.
  1250 | D:2      | Reached XP level 3. HP: 17/17 MP: 8/8
  1258 | D:2      | Learned a level 3 spell: Confusing Touch
  1262 | D:2      | Learned a level 3 spell: Dazzling Flash
  1706 | D:2      | Reached skill level 5 in Stealth
  2290 | D:3      | Found Korghiasy's Assorted Antiques.
  2539 | D:3      | Reached XP level 4. HP: 21/21 MP: 10/10
  2924 | D:4      | Noticed Sigmund
  2932 | D:4      | Killed Sigmund
  2933 | D:4      | Reached skill level 1 in Fighting
  2933 | D:4      | Reached skill level 5 in Hexes
  2933 | D:4      | Reached XP level 5. HP: 25/25 MP: 11/11
  3006 | D:4      | Reached XP level 6. HP: 30/30 MP: 11/13
  3075 | D:4      | Reached skill level 6 in Stealth
  3680 | D:4      | Learned a level 3 spell: Tukima's Dance
  3699 | D:5      | Entered Level 5 of the Dungeon
  3763 | D:5      | Noticed a water moccasin
  3770 | D:5      | Killed a water moccasin
  3771 | D:5      | Reached XP level 7. HP: 28/35 MP: 7/14
  3858 | D:5      | Noticed Menkaure
  4040 | D:5      | Killed Menkaure
  4041 | D:5      | Reached skill level 7 in Stealth
  4089 | D:5      | Reached skill level 5 in Spellcasting
  4334 | D:5      | Found a broken altar of Ashenzari.
  4342 | D:5      | Reached XP level 8. HP: 39/39 MP: 16/16
  4842 | D:5      | Found a runed translucent door.
  4843 | D:5      | Noticed Crazy Yiuf
  4850 | D:5      | Killed Crazy Yiuf
  4971 | D:6      | Found a glowing golden altar of the Shining One.
  4976 | D:6      | Identified the +7 trident of Contradiction {heavy, rF- rN++
                  | Str+4}
  5014 | D:6      | Found a runed translucent door.
  5023 | D:6      | Noticed Blork the orc
  5045 | D:6      | Killed Blork the orc
  5046 | D:6      | Reached skill level 8 in Stealth
  5106 | D:6      | Noticed Argasoth's ghost (novice TrBe)
  5208 | D:6      | Found a staircase to the Ecumenical Temple.
  5216 | Temple   | Entered the Ecumenical Temple
  5230 | Temple   | Became a worshipper of Dithmenos the Shadowed
  5411 | D:6      | Found a blossoming altar of Fedhas.
  5450 | D:6      | Found a shimmering blue altar of Sif Muna.
  5509 | D:6      | Reached skill level 5 in Short Blades
  6036 | D:7      | Found Ydwutehu's Antique Armour Boutique.
  6172 | D:7      | Reached skill level 1 in Polearms
  6369 | D:7      | Reached XP level 9. HP: 44/45 MP: 19/19
  6491 | D:7      | Reached skill level 9 in Stealth
  7136 | D:7      | Killed from afar by a steam dragon

Illustrated notes

Levels and vault maps discovered:
D:1:      minmay_arrival_shattered_statue, layout_basic, serial_glass,
          glass_columns_b, glass_columns_a, minmay_strange_pillars,
          ebering_ecumenical_altar_abandoned, minmay_misc_feat_x,
          patterned_corridor
D:2:      layout_basic
D:3:      layout_loops_ring, serial_shops, nicolae_diamond_shop,
          nicolae_underground_beach
D:4:      layout_loops_cross, uniq_sigmund
D:5:      black_bear_nest_2, layout_basic, evilmike_ruin_ashenzari,
          uniq_crazy_yiuf_cottage, uniq_menkaure
D:6:      layout_loops_ring, fedhas_altar_1, kennysheep_mini_moat,
          lemuel_crystal_altar, minmay_temple_entry_gardened_gates,
          ebering_ghost_sewer_d, nrook_mini_backslash, uniq_blork_the_orc
D:7:      layout_gridville, serial_shops, shop
D:8:      cheibrodos_statue_roulette, layout_cave_pools,
          nicolae_wu_jian_wuxing_cycle
Temple:   eino_temple_scatter_basement

Skill      XL: |  1  2  3  4  5  6  7  8  9 |
---------------+----------------------------+-----
Hexes          | 4 5 6 7 8 |  8.6
Spellcasting   | 3 4 5 6 |  6.9
Stealth        | 5 6 7 8 9 |  9.4
Fighting       | 1 2 3 4 |  4.1
Short Blades   | 2 3 4 5 |  5.0
Polearms       | 1 2 |  2.4
Dodging        | |  2.6

Action                     |  1- 3 |  4- 6 |  7- 9 || total
---------------------------+-------+-------+-------++-------
  Melee: Dagger            |   113 |    51 |    56 ||   220
         Punch             |       |       |     2 ||     2
         Trident           |       |       |   113 ||   113
   Cast: Ensorcelled Hiber |     3 |    14 |     8 ||    25
         Confusing Touch   |       |     1 |     7 ||     8
         Dazzling Flash    |       |       |     3 ||     3
         Tukima's Dance    |       |       |     6 ||     6
    Use: Scroll            |     6 |     7 |     5 ||    18
   Stab: Sleeping          |    17 |    16 |    21 ||    54
         Distracted        |       |     1 |       ||     1
         Confused          |       |     1 |     5 ||     6
         Invisible         |       |       |     1 ||     1
 Armour: Robe              |     6 |     7 |    22 ||    35
  Dodge: Dodged            |    65 |    23 |   173 ||   261
